 Dungeon Crawl Stone Soup version 0.18.1-8-gdd0e5ea (webtiles) character file.

220 Ponchio the Firebug (level 5, -2/31 HPs)
             Began as a Gargoyle Fire Elementalist on May 25, 2016.
             Was an Initiate of Vehumet.
             Slain by a gnoll sergeant
             ... wielding a +0 spear
              (5 damage)
             ... on level 3 of the Dungeon.
             The game lasted 00:25:55 (4750 turns).

Ponchio the Firebug (Gargoyle Fire Elementalist)    Turns: 4750, Time: 00:25:56

Health: -2/31      AC:  9    Str: 12    XL:     5   Next: 97%
Magic:  1/8        EV: 11    Int: 15    God:    Vehumet [......]
Gold:   166        SH:  0    Dex: 11    Spells: 1 memorised, 7 levels left

rFire  . . .     SeeInvis .     m - +1 whip
rCold  + . .     Gourm    .     s - +0 ring mail
rNeg   + . .     Faith    .     (no shield)
rPois  ∞         Spirit   .     (no helmet)
rElec  +         Dismiss  .     (no cloak)
rCorr  .         Reflect  .     (no gloves)
SustAt .         Harm     .     (no boots)
MR     .....                    (no amulet)
Stlth  +.........               (no ring)
                                h - ring of protection from cold

@: very slightly contaminated, not resistant to hostile enchantments, very
unstealthy
A: negative energy resistance 1, electricity resistance, unbreathing,
petrification resistance, rot immunity, AC +4
a: Renounce Religion


You were on level 3 of the Dungeon.
You worshipped Vehumet.
Vehumet was noncommittal.
You were not hungry.

You visited 1 branch of the dungeon, and saw 4 of its levels.
You also visited: Sewer.

You collected 166 gold pieces.

Inventory:

Hand Weapons
 m - a +1 whip (weapon)
Armour
 s - a +0 ring mail (worn)
Jewellery
 h - a ring of protection from cold (left hand)
Scrolls
 d - 4 scrolls of remove curse
Potions
 a - a potion of berserk rage
 e - a potion of heal wounds
 f - 2 potions of flight
 j - a potion of degeneration {unknown}
 k - a potion of beneficial mutation {unknown}
 l - 2 potions of brilliance
 n - a potion of agility {unknown}
 q - 2 potions of curing
Books
 b - a book of Flames

   Spells                             Type                      Level
   a - Flame Tongue                   Conjuration/Fire             1
   b - Throw Flame                    Conjuration/Fire             2
   c - Conjure Flame                  Conjuration/Fire             3
   d - Inner Flame                    Hexes/Fire                   3
   e - Sticky Flame                   Conjuration/Fire             4
   f - Fireball                       Conjuration/Fire             5
Comestibles
 c - 2 bread rations


   Skills:
 - Level 2.5 Fighting
 - Level 2.4 Maces & Flails
 + Level 2.8 Armour
 + Level 2.7 Dodging
 - Level 2.1 Stealth
 * Level 2.2 Spellcasting
 + Level 1.1 Conjurations
 - Level 3.0 Fire Magic


You had 7 spell levels left.
You knew the following spells:

 Your Spells              Type           Power        Failure   Level  Hunger
a - Flame Tongue          Conj/Fire      #....        21%         1    #......


Dungeon Overview and Level Annotations

Branches:
Dungeon (4/15)
 Temple: D:4-7

Altars:
Ashenzari
Dithmenos
Elyvilon
Fedhas
Sif Muna
Vehumet
Xom
Yredelemnul

Annotations:
D:2 Sigmund


Innate Abilities, Weirdness & Mutations

You are resistant to torment.
Your stone body is resilient (AC +4).
You are immune to poison.
You resist negative energy.
You are resistant to electric shocks.
You can survive without breathing.
You are immune to petrification.
You are immune to rotting.


Message History

The gnoll sergeant is severely wounded.
The gnoll sergeant hits you with a spear.
You hit the gnoll sergeant.
The gnoll sergeant is almost dead.
The gnoll sergeant hits you with a spear.
The gnoll sergeant blocks your attack.
The gnoll sergeant is almost dead.
The gnoll sergeant hits you with a spear!
* * * LOW HITPOINT WARNING * * *
The gnoll sergeant blocks your attack.
The gnoll sergeant is almost dead.
The gnoll sergeant hits you with a spear.
* * * LOW HITPOINT WARNING * * *
You hit the gnoll sergeant but do no damage.
The gnoll sergeant is almost dead.
The gnoll sergeant closely misses you.
You hit the gnoll sergeant but do no damage.
The gnoll sergeant is almost dead.
The gnoll sergeant hits you with a spear.
You die...

### ##### ##.## ....#
##...## ###.#
##.....##
#.##########.......##
#............g@.....#
############.......##
##.## ##.....##
##.#.## ##...##
##.###.## ##.## .)##
##.# #.### ##.###.##
#...# ##.#.## ###.#
##.## #.#


You could see a gnoll sergeant.

Vanquished Creatures
  A big kobold (Sewer)
  3 gnolls
  3 adders (D:2)
  3 river rats (Sewer)
  2 dart slugs
  4 giant geckos
  A ball python (D:2)
  6 bats
  5 giant cockroaches
  9 goblins
  7 hobgoblins
  A jackal (Sewer)
  9 kobolds
  A quokka (D:2)
  7 giant newts
  9 rats
71 creatures vanquished.

Notes
Turn   | Place    | Note
--------------------------------------------------------------
     0 | D:1      | Ponchio the Gargoyle Fire Elementalist began the quest for the Orb.
     0 | D:1      | Reached XP level 1. HP: 10/10 MP: 3/3
   435 | D:1      | Reached XP level 2. HP: 16/16 MP: 3/5
   812 | D:1      | Reached skill level 1 in Armour
   834 | D:1      | Reached skill level 1 in Fighting
   919 | D:1      | Reached XP level 3. HP: 14/20 MP: 6/6
   926 | D:1      | Reached skill level 1 in Maces & Flails
  1437 | D:1      | You fall through a shaft!
  1741 | D:1      | Reached XP level 4. HP: 25/25 MP: 5/7
  1966 | D:2      | Noticed Sigmund
  3040 | D:3      | Found a glowing drain.
  3052 | Sewer    | Entered a sewer
  3083 | Sewer    | Reached XP level 5. HP: 12/30 MP: 1/8
  3314 | Sewer    | Noticed a big kobold
  3362 | Sewer    | Killed a big kobold
  3602 | Sewer    | Found a white marble altar of Elyvilon.
  3765 | D:3      | Found a blossoming altar of Fedhas.
  3767 | D:3      | Found a basalt altar of Yredelemnul.
  3767 | D:3      | Found a shadowy altar of Dithmenos.
  3769 | D:3      | Found a shimmering altar of Xom.
  3770 | D:3      | Found a white marble altar of Elyvilon.
  3772 | D:3      | Found a deep blue altar of Sif Muna.
  4187 | D:3      | Found a radiant altar of Vehumet.
  4376 | D:3      | Became a worshipper of Vehumet
  4458 | D:4      | Found a shattered altar of Ashenzari.
  4750 | D:3      | Slain by a gnoll sergeant

Skill      XL: |  1  2  3  4 |
---------------+-------------+-----
Dodging        | 2 |  2.7
Armour         | 1 2 |  2.8
Fighting       | 1 2 |  2.5
Maces & Flails | 1 2 |  2.4
Stealth        | |  2.1
Spellcasting   | |  2.2
Conjurations   | |  1.1
Fire Magic     | |  3.0

Action                   |  1- 3 |  4- 6 || total
-------------------------+-------+-------++-------
Melee: Club              |    58 |       ||    58
       Unarmed           |     1 |       ||     1
       Whip              |    33 |   165 ||   198
 Cast: Flame Tongue      |    38 |    36 ||    74
  Use: Scroll            |       |    12 ||    12
       Potion            |       |     2 ||     2
 Stab: Sleeping          |     1 |       ||     1
  Eat: Chunk             |     4 |     8 ||    12
       Bread ration      |       |     1 ||     1
Armor: Robe              |     7 |       ||     7
       Leather armour    |    44 |       ||    44
       Ring mail         |       |    60 ||    60
Dodge: Dodged            |    94 |   101 ||   195
